 Dungeon Crawl Stone Soup version 0.28.0-53-g5a82cb258f (webtiles) character file.

Game seed: 15118724028291517612

76 bnorton916 the Firebug (level 4, -1/24 HPs)
             Began as a Deep Elf Fire Elementalist on July 9, 2022.
             Slain by a ball python skeleton (2 damage)
             ... on level 2 of the Dungeon.
             The game lasted 00:01:40 (2540 turns).

bnorton916 the Firebug (Deep Elf Fire Elementalist) Turns: 2540, Time: 00:01:41

Health: -1/24      AC:  4    Str:  5    XL:     4   Next: 12%
Magic:  2/12       EV:  9    Int: 22    God:
Gold:   49         SH:  0    Dex: 15    Spells: 10/11 levels left

rFire   . . .      SeeInvis .   (no weapon)
rCold   . . .      Faith    .   (no shield)
rNeg    + . .      Spirit   .   h - +2 robe {rN+}
rPois   .          Reflect  .   (no helmet)
rElec   .          Harm     .   (no cloak)
rCorr   .          Rampage  .   (no gloves)
Will    .....                   (no boots)
Stlth   ++........              (no amulet)
HPRegen 0.08/turn               (no ring)
MPRegen 0.13/turn               (no ring)

@: lethally poisoned (-1 -> -9), constricted
A: no striking features
a: no special abilities


You were on level 2 of the Dungeon.
You visited 1 branch of the dungeon, and saw 2 of its levels.

You collected 49 gold pieces.

Inventory:

Hand Weapons
 e - a +0 whip of draining
Missiles
 d - 20 stones
Armour
 a - a +0 robe
 h - a +2 robe of positive energy (worn)
Scrolls
 f - 2 scrolls of silence {unknown}
 g - 2 scrolls of blinking {unknown}
 i - a scroll of teleportation {unknown}
Potions
 b - a potion of attraction {unknown}
 c - a potion of magic {unknown}


   Skills:
 - Level 2.4 Dodging
 - Level 2.4 Stealth
 + Level 4.2 Spellcasting
 + Level 2.6 Conjurations
 + Level 4.2 Fire Magic


You had 10 spell levels left.
You knew the following spells:

 Your Spells              Type           Power      Damage    Failure   Level
a - Foxfire               Conj/Fire      76%        2x1d7     2%          1

Your spell library contained the following spells:

 Spells                   Type           Power      Damage    Failure   Level
 Scorch                   Fire           46%        2d7       3%          2
 Conjure Flame            Conj/Fire      19%        6-21      9%          3
 Animate Skeleton         Necr           8%         N/A       11%         1
 Pain                     Necr           16%        1d4       11%         1
 Inner Flame              Hex/Fire       13%        N/A       14%         3
 Flame Wave               Conj/Fire      19%        2d6       26%         4
 Vampiric Draining        Necr           4%         2d6       32%         3


Dungeon Overview and Level Annotations

Branches:
Dungeon (2/15)

Altars:


Message History

The ball python skeleton barely misses you.
The ball python skeleton misses you.
Casting: Foxfire (safe; 2% risk of failure)
Confirm with . or Enter, or press ? or * to list all spells.
You conjure some foxfire!
You feel sick. The adder bites you but does no damage.
The adder zombie barely misses you.
The ball python skeleton barely misses you.
The ball python skeleton grabs you.
The ball python skeleton constricts you.
You feel sick.
The foxfire hits the ball python skeleton.
The ball python skeleton is severely damaged.
The foxfire hits the adder zombie.
The adder zombie is heavily damaged.
The adder bites you but does no damage.
The adder zombie bites you but does no damage.
The adder bites you.
You are lethally poisoned!
The adder poisons you!
The ball python skeleton closely misses you.
The ball python skeleton constricts you.
Casting: Foxfire (safe; 2% risk of failure)
Confirm with . or Enter, or press ? or * to list all spells.
You conjure some foxfire!
* * * LOW HITPOINT WARNING * * *
You feel very sick. The adder zombie barely misses you.
The adder barely misses you.
The ball python skeleton closely misses you.
The ball python skeleton constricts you.
* * * LOW HITPOINT WARNING * * *
* * * LOW HITPOINT WARNING * * *
You feel very sick.
The foxfire hits the adder zombie.
The adder zombie is severely damaged.
The foxfire hits the adder zombie.
The adder zombie is almost destroyed.
The adder misses you. The adder zombie bites you.
* * * LOW HITPOINT WARNING * * *
The ball python skeleton bites you.
You die...

.# ###########..
#..........#
##..........#
#...8.......# ..
#...........# ###..#
#...)ZSZ....# ..>...#
#.#.!.@.....# ##......#
#....ยง......###........
##...........#.........
#...........#.........
#####..>..............
#.................
##.#.###..........
#...###..........
#.#...##.........


You could see an adder, an adder zombie and a ball python skeleton.

Vanquished Creatures
  2 adders (D:2)
  An adder zombie (D:2)
  3 adder skeletons (D:2)
  2 worms (D:2)
  5 endoplasms
  2 giant cockroaches (D:1)
  2 goblins (D:2)
  A hobgoblin (D:1)
  4 jackals (D:1)
  4 quokkas
  3 ball pythons
  3 ball python skeletons (D:2)
  A ball python zombie (D:2)
  A bat (D:1)
  2 frilled lizards
  A giant cockroach zombie (D:2)
  2 kobolds (D:1)
  A quokka zombie (D:2)
  A rat (D:1)
41 creatures vanquished.

Vanquished Creatures (others)
  250 foxfires
  2 withered plants (D:2)
252 creatures vanquished.

Grand Total: 293 creatures vanquished

Notes
Turn   | Place    | Note
-------+----------+-------------------------------------------
     0 | D:1      | bnorton916 the Deep Elf Fire Elementalist began the quest
                  | for the Orb.
     0 | D:1      | Reached XP level 1. HP: 10/10 MP: 6/6
   564 | D:1      | Reached XP level 2. HP: 15/15 MP: 4/8
  1808 | D:2      | Reached XP level 3. HP: 19/19 MP: 6/10
  2336 | D:2      | Reached XP level 4. HP: 24/24 MP: 6/12
  2540 | D:2      | HP: 1/24 [adder zombie (2)]
  2540 | D:2      | Slain by a ball python skeleton

Illustrated notes

Levels and vault maps discovered:
D:1:      moated_graveyard_arrival, layout_basic
D:2:      layout_rooms, serial_undead, serial_undead_e, serial_undead_d,
          serial_undead_e, serial_undead_d, serial_undead_b, serial_undead_b,
          serial_undead_d, serial_undead_a

Skill      XL: |  1  2  3 |
---------------+----------+-----
Conjurations   | 2 |  2.6
Fire Magic     | 4 |  4.2
Spellcasting   | 4 |  4.2
Dodging        | |  2.4
Stealth        | |  2.4

Action                   |  1- 3 |  4- 6 || total
-------------------------+-------+-------++-------
 Cast: Foxfire           |   130 |    17 ||   147
Armor: Robe              |       |     6 ||     6
Dodge: Dodged            |     6 |    20 ||    26
